 Dungeon Crawl Stone Soup version 0.27-a0-1342-ga99462a43c (webtiles) character file.

Game seed: 9108906760393274747

43 PentaManta the Insei (level 3, 0/23 HPs)
             Began as an Octopode Transmuter on June 27, 2021.
             Slain by Terence (5 damage)
             ... on level 2 of the Dungeon.
             The game lasted 00:02:59 (2381 turns).

PentaManta the Insei (Octopode Transmuter)          Turns: 2381, Time: 00:03:00

Health: 0/23       AC:  1    Str:  9    XL:     3   Next: 58%
Magic:  6/6        EV: 13    Int: 15    God:
Gold:   41         SH:  0    Dex: 13    Spells: 5/6 levels left

rFire    . . .     SeeInvis .     - Unarmed
rCold    . . .     Faith    .   (no shield)
rNeg     . . .     Spirit   .   (helmet currently unavailable)
rPois    .         Reflect  .   (no amulet)
rElec    .         Harm     .   (no ring)
rCorr    .         Rampage  .   (no ring)
Will     .....                  (no ring)
Stlth    ++........             (no ring)
HPRegen  0.07/turn              (no ring)
MPRegen  0.10/turn              (no ring)
                                (no ring)
                                (no ring)

@: appendages (expiring)
A: tentacle spike 3, almost no armour, amphibious, 8 rings, camouflage 1,
gelatinous body 1, (nimble swimmer 1), tentacles
a: End Transformation


You were on level 2 of the Dungeon.
One of your tentacles had grown a beastly spike.
You visited 1 branch of the dungeon, and saw 2 of its levels.

You collected 41 gold pieces.

Inventory:

Missiles
 b - 8 boomerangs
Scrolls
 e - 2 scrolls of identify {unknown}
 f - a scroll of noise {unknown}
 h - a scroll of blinking {unknown}
Potions
 a - 2 potions of heal wounds {unknown}
 c - a potion of flight {unknown}
 d - a potion of curing {unknown}
 g - a potion of degeneration {unknown}
 i - a potion of attraction {unknown}


   Skills:
 - Level 1.0 Fighting
 - Level 2.0 Dodging
 + Level 4.5 Unarmed Combat
 - Level 2.0 Spellcasting
 - Level 2.0 Transmutations


You had 5 spell levels left.
You knew the following spells:

 Your Spells              Type           Power      Damage    Failure   Level
a - Beastly Appendage     Tmut           14%        N/A       10%         1

Your spell library contained the following spells:

 Spells                   Type           Power      Damage    Failure   Level
 Wereblood                Tmut           7%         N/A       14%         2
 Spider Form              Tmut/Pois      2%         N/A       41%         3
 Ice Form                 Ice/Tmut       4%         N/A       82%         4


Dungeon Overview and Level Annotations

Branches:
Dungeon (2/15)

Altars:

Annotations:
D:2 exclusion: kobold, Terence


Innate Abilities, Weirdness & Mutations

One of your tentacles has grown a beastly spike.
You cannot wear most types of armour.
You are amphibious.
You can wear up to eight rings at the same time.
Your skin changes colour to match your surroundings (Stealth+).
Your rubbery body absorbs attacks. (AC +1, EV +1)
((You are camouflaged near water. (Stealth+)))
You have tentacles for arms and can constrict up to eight enemies at once.


Message History

You constrict Terence, but do no damage.
Terence hits you with a +0 flail of protection!
* * * LOW HITPOINT WARNING * * *
You are too injured to fight recklessly!
You are too injured to fight recklessly!
Press: ? - help, v - describe, . - travel
Here: Terence, wielding a +0 flail of protection and wearing a +0 ring mail (moderately wounded, constricted by you)
The floor.
You release your grip on Terence.
Your transformation is almost over.
Terence barely misses you.
There is an open door here.
Unknown command.
Your tentacle spike disappears.
Terence looks scornfully at you. Terence says, "Did you write a will?
You should..."
There is a stone staircase leading down here.
You see here a +0 ring mail.
Terence shouts, "ATTACK!!!"
You see here a +0 ring mail.
There is a stone staircase leading up here.
You climb upwards.
There is a stone staircase leading down here.
You start resting.
HP restored.
Casting: Beastly Appendage (safe; 10% risk of failure)
Confirm with . or Enter, or press ? or * to list all spells.
One of your tentacles grows a vicious spike.
You climb downwards.
Level annotation: exclusion: kobold, Terence Terence hits you with a +0 flail of protection.
Terence hits you with a +0 flail of protection!
There is a stone staircase leading up here.
You tentacle-slap Terence but do no damage.
Your grab misses Terence.
Terence hits you with a +0 flail of protection!
* * * LOW HITPOINT WARNING * * *
Your transformation is almost over.
Terence hits you with a +0 flail of protection.
You die...

#.########.#
#.#......#.# ##
#.#.####.#.# .#
#รท#.#..#.#.#
.########.#.#<.#.#.#
........#.#.#....#.#
.######.#.#.#..###.# .#
#.......[..#.# .#
#...#.####@#.#
#######...#....@.#.#
..........>......#.#
.#.####..#########.#####
.#.# #................#
.#.## #...########.###.#
##..# #.......# #.# #.#
....# #.#.###.####.# #.#
##..###.#.#........###.#


You could see Terence.

Vanquished Creatures
  A dart slug (D:1)
  6 ball pythons
  3 bats (D:1)
  4 endoplasms (D:1)
  A giant cockroach (D:2)
  2 goblins (D:1)
  4 jackals (D:1)
  5 kobolds (D:1)
  3 quokkas (D:1)
  3 frilled lizards (D:1)
  5 rats
37 creatures vanquished.

Vanquished Creatures (others)
  6 plants (D:1)
6 creatures vanquished.

Grand Total: 43 creatures vanquished

Notes
Turn   | Place    | Note
-------+----------+-------------------------------------------
     0 | D:1      | PentaManta the Octopode Transmuter began the quest for the
                  | Orb.
     0 | D:1      | Reached XP level 1. HP: 13/13 MP: 3/3
   448 | D:1      | Reached XP level 2. HP: 18/18 MP: 3/5
   948 | D:1      | Reached skill level 4 in Unarmed Combat
   980 | D:1      | Reached XP level 3. HP: 23/23 MP: 6/6
  1863 | D:2      | Found a faded altar of an unknown god.
  2094 | D:2      | Noticed Terence
  2381 | D:2      | Slain by Terence

Illustrated notes

Levels and vault maps discovered:
D:1:      minmay_arrival_widening_spiral_wide, layout_loops_ring, serial_forest,
          infiniplex_forest_straight_2, infiniplex_forest_straight_3,
          infiniplex_forest_clump_double, infiniplex_forest_clump_long,
          infiniplex_forest_lined_room_3, infiniplex_forest_end_double
D:2:      layout_basic, hellmonk_ecumenical_altar_arch_garden, uniq_terence

Skill      XL: |  1  2 |
---------------+-------+-----
Unarmed Combat | 4 |  4.5
Fighting       | |  1.0
Dodging        | |  2.0
Spellcasting   | |  2.0
Transmutations | |  2.0

Action                   || total
-------------------------++-------
Melee: Unarmed           ||    82
       Constrict         ||    23
       Kick              ||    19
       Tentacles         ||    15
       Punch             ||     3
 Cast: Beastly Appendage ||    33
 Stab: Sleeping          ||     6
Armor: Skin              ||     3
Dodge: Dodged            ||    41

Table legend: (Time is in decaauts)
 A = Elapsed time spent in this place.
 B = Non-inter-level travel time spent in this place.
 C = Inter-level travel time spent in this place.
 D = Time resting spent in this place.
 E = Time spent auto-exploring this place.
 F = Levels seen in this place.
 G = Mean time per level.
                   A        B        C        D        E       F      G
               +--------+--------+--------+--------+--------+-----+--------+
         Total |   2375 |   2361 |     14 |    209 |   1828 |   2 | 1187.5 |
       Dungeon |   2375 |   2361 |     14 |    209 |   1828 |   2 | 1187.5 |
               +--------+--------+--------+--------+--------+-----+--------+

Top non-repeatable levels by time:
     D:1: 2011 daAuts
     D:2: 364 daAuts
